 Dungeon Crawl Stone Soup version 0.22-a0-246-gdc04c06 (webtiles) character file.

167592 pkoi the Fencer (level 17, -1/156 HPs)
             Began as a Minotaur Gladiator on Feb 22, 2018.
             Was the Champion of Qazlal.
             Slain by Arachne
             ... wielding an uncursed staff of poison
              (14 damage)
             ... on level 2 of the Spider Nest on Feb 23, 2018.
             The game lasted 01:00:37 (27022 turns).

pkoi the Fencer (Minotaur Gladiator)               Turns: 27022, Time: 01:00:38

Health: -1/156     AC: 17    Str: 23    XL:     17   Next: 7%
Magic:  19/26      EV:  7    Int:  5    God:    Qazlal [******]
Gold:   1706       SH:  0    Dex: 10    Spells: 16/19 levels left

rFire    + + +     SeeInvis .   a - +4 scimitar (flame)
rCold    . . .     Gourm    .   (no shield)
rNeg     . . .     Faith    .   E - +3 chain mail of Cunaelug {rPois rF+ MR+ Dex-3}
rPois    +         Spirit   .   c - +0 hat
rElec    .         Reflect  .   M - +0 cloak
rCorr    .         Harm     .   (no gloves)
MR       ++...                  S - +2 pair of boots
Stlth    ..........             (no amulet)
HPRegen  0.76/turn              K - +3 ring of protection
MPRegen  0.20/turn              H - ring of protection from fire

@: protected from physical damage, corroded, held, repel missiles
A: retaliatory headbutt, horns 2, iridescent scales 1, fire resistance 1,
regeneration 1, weak 1
}: 1/15 runes: decaying
a: Upheaval, Elemental Force, Disaster Area, Renounce Religion


You were on level 2 of the Spider Nest.
You worshipped Qazlal.
Qazlal was exalted by your worship.
You were not hungry.

You visited 5 branches of the dungeon, and saw 28 of its levels.

You collected 3087 gold pieces.
You spent 1381 gold pieces at shops.

Inventory:

Hand Weapons
 a - a +4 scimitar of flaming (weapon)
 b - a +1 triple crossbow of freezing
 t - a +0 hand crossbow of velocity
 F - a +1 long sword
Missiles
 d - 9 throwing nets (quivered)
 z - 157 bolts
Armour
 c - a +0 hat (worn)
 E - the +3 chain mail of Cunaelug (worn) {rPois rF+ MR+ Dex-3}
   (You found it on level 8 of the Dungeon)

   It affects your dexterity (-3).
   It protects you from fire.
   It protects you from poison.
   It affects your resistance to hostile enchantments.
 M - a +0 cloak (worn)
 S - a +2 pair of boots (worn)
Jewellery
 B - an uncursed ring of see invisible
 D - an uncursed ring of resist corrosion
 H - a ring of protection from fire (right hand)
 K - a +3 ring of protection (left hand)
 O - an uncursed ring of positive energy
 P - an uncursed ring of wizardry
Wands
 m - a wand of flame (12)
 n - a wand of random effects (42)
 u - a wand of paralysis (48)
 C - a wand of scattershot (6)
 I - a wand of polymorph (23)
 L - a wand of disintegration (9)
 Q - a wand of acid (6)
Scrolls
 g - 2 scrolls of silence
 h - 3 scrolls of magic mapping
 o - 20 scrolls of identify
 p - 6 scrolls of amnesia
 q - 5 scrolls of enchant armour
 s - 9 scrolls of teleportation
 v - 7 scrolls of immolation
 w - 4 scrolls of fear
 x - 11 scrolls of remove curse
 y - 3 scrolls of enchant weapon
 A - a scroll of blinking
 N - 2 scrolls of fog
Potions
 e - 3 potions of flight
 i - 2 potions of ambrosia
 j - 3 potions of might
 k - 4 potions of curing
 l - 3 potions of brilliance
 r - 2 potions of haste
 G - 4 potions of heal wounds
 J - 2 potions of berserk rage
Comestibles
 f - 55 rations


   Skills:
 + Level 15.2 Fighting
 + Level 17.1 Long Blades
 - Level 6.4 Crossbows
 - Level 2.0 Throwing
 + Level 15.1 Armour
 + Level 14.3 Dodging
 + Level 1.6 Spellcasting
 + Level 1.6 Translocations
 + Level 14.0 Invocations


You had 16 spell levels left.
You knew the following spells:

 Your Spells              Type           Power        Failure   Level  Hunger
a - Apportation           Tloc           #.....       71%         1    ##.....
b - Blink                 Tloc           N/A          83%         2    ###....


Dungeon Overview and Level Annotations

Branches:
Dungeon (14/15)            Temple (0/1) D:4            Lair (6/6) D:9
  Swamp (4/4) Lair:2       Spider (2/4) Lair:2        Slime (0/5) Lair:5
    Orc (2/2) D:11            Elf (0/3) Orc:2
 Vaults: D:13-14

Altars:
Ashenzari
Fedhas
Hepliaklqana
Kikubaaqudgha
Makhleb
Qazlal
Ru
Wu Jian
Yredelemnul
Zin
The Shining One
Beogh
Jiyva

Shops:
D:5 ?((   D:13 *   Orc:2 !([[

Annotations:
Spider:2 Arachne


Innate Abilities, Weirdness & Mutations

You reflexively headbutt those who attack you in melee.
You have a pair of horns on your head.
You are partially covered in iridescent scales. (AC +2)
Your flesh is heat resistant. (rF+)
Your natural rate of healing is unusually fast.
You are weak. (Str -2)


Message History

The wolf spider barely misses you.
The wolf spider bites you but does no damage.
The redback bites you but does no damage.
You hear an angry hiss.
A wolf spider comes into view.
The wolf spider hisses angrily.
You hear an angry hiss. x3
You hear a hideous shriek! x2
A wolf spider and a jumping spider come into view.
Unknown command.
You feel better.
You hear an angry hiss.
The redback bites you but does no damage.
The tarantella barely misses you.
The redback bites you but does no damage.
The demonic crawler is struck by lightning.
The wolf spider hits you!
* * * LOW HITPOINT WARNING * * *
The wolf spider bites you but does no damage.
Arachne hits you with a staff of poison!
You die...

.. ........#
##. ......... s
#...#........
ss#.......s..#
..†s≈.#s.....##
.#.≈.§§.......#
....§ssss...##
.^...§H@s...^#
.#..††ss§#####
...^#††#s.. .^.
##. †.... . ^.
....$.#


s≈s †.#...# (†≈ #....## .... ..#.# You could see Arachne, a demonic crawler, 4
wolf spiders, 2 orb spiders, 4 jumping spiders, a tarantella and 4 redbacks.

Vanquished Creatures
  the Lernaean hydra (Swamp:4)
  Rupert (Lair:3)
  5 thorn hunters
  Roxanne (Swamp:2)
  2 entropy weavers
  A fire dragon (D:14)
  15 hydras
  The ghost of cerealjynx the Protected, a journeyman GrBe of Trog (Lair:1)
  4 ghost crabs
  7 alligators
  2 centaur warriors
  A catoblepas (Lair:4)
  17 two-headed ogres
  4 ogre magi
  3 death yaks (Lair:2)
  The ghost of exulis the Covered, a novice DsFi (D:8)
  2 unseen horrors
  A wizard (D:13)
  Pikel (D:5)
  4 shambling mangroves
  A lindwurm (Lair:6)
  9 swamp dragons
  The ghost of GuildmasterMusic the Cleaver, a novice HOFi of Beogh (D:6)
  A deep elf mage (D:14)
  2 orc knights
  3 orb spiders (Spider:1)
  A cyclops (D:11)
  4 wolf spiders
  2 orc sorcerers (Orc:1)
  2 ugly things
  A manticore (D:14)
  16 elephants
  A black mamba (Lair:3)
  Joseph (D:8)
  20 spiny frogs
  A torpor snail (Lair:5)
  2 rime drakes (Lair:4)
  6 komodo dragons
  2 demonic crawlers
  An efreet (D:12)
  3 trolls
  9 jumping spiders
  A wandering mushroom (Lair:4)
  8 polar bears
  8 tyrant leeches
  20 hornets
  16 bog bodies
  4 slime creatures (Swamp:3)
  8 dream sheep (Lair:6)
  8 blink frogs
  9 hippogriffs
  A shadow (Swamp:1)
  17 redbacks
  8 tarantellas
  19 spriggans
  A wyvern (D:10)
  2 basilisks
  4 hogs (D:7)
  52 yaks
  A human (D:7)
  2 steam dragons (D:8)
  Grum (D:8)
  A hungry ghost (D:14)
  20 vampire mosquitoes
  27 insubstantial wisps
  4 wargs
  31 swamp worms
  12 water moccasins
  5 porcupines
  9 orc warriors
  14 swamp drakes
  6 sky beasts
  5 black bears
  6 ice beasts
  The ghost of Bargorn the Skirmisher, an amateur MiFi (D:3)
  A phantom (D:10)
  3 boggarts (Lair:6)
  An eye of draining (D:13)
  A necrophage (D:11)
  33 wolves
  16 centaurs
  28 ogres
  12 crocodiles
  A big kobold (D:12)
  19 bullfrogs
  A wyvern zombie (D:13)
  5 scorpions
  4 electric eels
  A howler monkey (D:8)
  A bullfrog zombie (D:12)
  A crimson imp (D:7)
  10 hounds
  2 quasits (D:11)
  3 jellies
  10 orc priests
  4 bullfrog skeletons
  2 gnoll shamans
  8 worker ants
  5 iguanas
  13 orc wizards
  2 hound zombies
  22 gnolls
  2 howler monkey skeletons
  11 adders
  2 adder skeletons
  7 worms
  A dart slug (D:1)
  3 leopard geckos
  69 orcs
  A ball python (D:2)
  8 bats
  3 giant cockroaches
  12 hobgoblins
  11 jackals
  15 kobolds
  4 quokkas
  6 frilled lizards
  6 goblins
  A jackal skeleton (D:4)
  2 quokka skeletons (D:5)
  A quokka zombie (D:7)
  10 rats
  A briar patch (Swamp:2)
879 creatures vanquished.

Vanquished Creatures (others)
  A komodo dragon (Swamp:2)
  A tyrant leech (Swamp:4)
  A centaur (D:14)
  A briar patch (Swamp:2)
  18 fungi
  6 plants
  6 toadstools (Swamp:3)
34 creatures vanquished.

Grand Total: 913 creatures vanquished

Notes
Turn   | Place    | Note
-------+----------+-------------------------------------------
     0 | D:1      | pkoi the Minotaur Gladiator began the quest for the Orb.
     0 | D:1      | Reached XP level 1. HP: 18/18 MP: 0/0
   269 | D:1      | Reached skill level 4 in Long Blades
   359 | D:1      | Reached XP level 2. HP: 25/25 MP: 1/1
   971 | D:2      | Reached skill level 5 in Long Blades
  1008 | D:2      | Reached XP level 3. HP: 25/30 MP: 2/2
  1564 | D:2      | Reached skill level 6 in Long Blades
  1564 | D:2      | Reached XP level 4. HP: 37/37 MP: 3/3
  2003 | D:3      | Reached skill level 1 in Armour
  2048 | D:3      | Found a stormy altar of Qazlal.
  2061 | D:3      | Became a worshipper of Qazlal Stormbringer
  2072 | D:3      | Noticed Bargorn's ghost (amateur MiFi)
  2495 | D:3      | Found a faded altar of an unknown god.
  2546 | D:3      | Found a glowing silver altar of Zin.
  2991 | D:4      | Noticed a bullfrog
  3001 | D:4      | Killed a bullfrog
  3001 | D:4      | Reached skill level 1 in Invocations
  3001 | D:4      | Reached XP level 5. HP: 41/42 MP: 3/5
  3319 | D:4      | Found a staircase to the Ecumenical Temple.
  3325 | D:4      | Reached skill level 7 in Long Blades
  3348 | D:4      | Reached XP level 6. HP: 45/50 MP: 6/6
  3665 | D:4      | Gained mutation: You are weak. (Str -2) [potion of mutation]
  3665 | D:4      | Gained mutation: You are partially covered in iridescent scales. (AC +2) [potion of mutation]
  3665 | D:4      | Gained mutation: Your flesh is heat resistant. (rF+) [potion of mutation]
  3665 | D:4      | Gained mutation: Your natural rate of healing is unusually fast. [potion of mutation]
  3912 | D:5      | Entered Level 5 of the Dungeon
  4031 | D:5      | Found Cethofuj's Antique Weapon Shoppe.
  4034 | D:5      | Found Xocoir's Antique Weapon Shop.
  4068 | D:5      | Found Adaolius's Magic Scroll Shoppe.
  4140 | D:5      | Reached * piety under Qazlal
  4258 | D:5      | Noticed an ice beast
  4268 | D:5      | Killed an ice beast
  4268 | D:5      | Reached XP level 7. HP: 30/58 MP: 8/8
  4731 | D:5      | Found a blossoming altar of Fedhas.
  5141 | D:5      | Noticed Pikel
  5171 | D:5      | Killed Pikel
  5171 | D:5      | Reached skill level 5 in Fighting
  5171 | D:5      | Reached skill level 8 in Long Blades
  5171 | D:5      | Reached skill level 5 in Dodging
  5171 | D:5      | Reached XP level 8. HP: 44/68 MP: 8/10
  5367 | D:6      | Noticed GuildmasterMusic's ghost (novice HOFi)
  5499 | D:3      | Killed Bargorn's ghost
  5499 | D:3      | Reached skill level 5 in Armour
  5680 | D:6      | Reached ** piety under Qazlal
  5680 | D:6      | Reached skill level 5 in Invocations
  5796 | D:6      | Reached XP level 9. HP: 75/75 MP: 11/11
  5829 | D:6      | Reached skill level 9 in Long Blades
  5980 | D:6      | Found a basalt altar of Yredelemnul.
  6711 | D:7      | Reached skill level 1 in Crossbows
  7391 | D:8      | Found a hazy altar of Hepliaklqana.
  7567 | D:8      | Reached XP level 10. HP: 41/86 MP: 13/13
  7666 | D:8      | Got a jewelled chain mail
  7668 | D:8      | Identified a scroll of acquirement
  7730 | D:8      | Identified the +3 chain mail of Cunaelug {rPois rF+ MR+ Dex-3} (You found it on level 8 of the Dungeon)
  7802 | D:8      | Found an ancient bone altar of Kikubaaqudgha.
  7811 | D:8      | Found a glowing golden altar of the Shining One.
  7811 | D:8      | Noticed Joseph
  7813 | D:8      | Found an ornate altar of the Wu Jian Council.
  7814 | D:8      | Noticed exulis's ghost (novice DsFi)
  7826 | D:8      | Killed Joseph
  7826 | D:8      | Reached skill level 10 in Long Blades
  7834 | D:8      | Killed exulis's ghost
  7834 | D:8      | Reached *** piety under Qazlal
  7844 | D:8      | Found a shattered altar of Ashenzari.
  7844 | D:8      | Found a sacrificial altar of Ru.
  8274 | D:9      | Noticed Grum
  8275 | D:9      | Noticed a two-headed ogre
  8764 | D:9      | Found a staircase to the Lair.
  9124 | D:10     | Entered Level 10 of the Dungeon
  9747 | D:11     | Reached XP level 11. HP: 86/95 MP: 15/15
  9783 | D:10     | Reached **** piety under Qazlal
  9875 | D:6      | Killed GuildmasterMusic's ghost
  9953 | D:5      | Bought a scroll of blinking for 82 gold pieces
  9953 | D:5      | Bought a scroll of teleportation for 33 gold pieces
  9976 | D:5      | Bought a faintly glowing falchion for 224 gold pieces
  9976 | D:5      | Identified the +7 falchion "Cuoqum" {slice, *Drain rC+ rN+} (You bought it in a shop on level 5 of the Dungeon)
 10081 | D:8      | Killed Grum
 10081 | D:8      | Reached skill level 11 in Long Blades
 10466 | D:11     | Noticed a green ugly thing
 10483 | D:11     | Killed a green ugly thing
 10615 | D:11     | Noticed an orc knight
 10615 | D:11     | Learned a level 1 spell: Apportation
 10659 | D:10     | Killed an orc knight
 10956 | D:11     | You fall through a shaft for 3 floors!
 10988 | D:14     | Noticed a deep elf mage
 11032 | D:14     | Killed a deep elf mage
 11209 | D:14     | Noticed an unseen horror
 11216 | D:14     | Killed an unseen horror
 11250 | D:14     | Noticed a two-headed ogre
 11257 | D:14     | Killed a two-headed ogre
 11257 | D:14     | Reached skill level 10 in Fighting
 11372 | D:12     | Noticed a two-headed ogre
 11382 | D:12     | Killed a two-headed ogre
 11501 | D:12     | Noticed an unseen horror
 11509 | D:12     | Killed an unseen horror
 11509 | D:12     | Reached skill level 10 in Armour
 11509 | D:12     | Reached XP level 12. HP: 100/107 MP: 17/17
 11673 | D:12     | Reached skill level 12 in Long Blades
 11673 | D:12     | Reached skill level 10 in Dodging
 11673 | D:12     | Reached XP level 13. HP: 116/116 MP: 17/19
 12074 | D:13     | Reached ***** piety under Qazlal
 12170 | D:13     | Reached skill level 13 in Long Blades
 12173 | D:13     | Reached skill level 10 in Invocations
 12343 | D:13     | Found Istreudos's General Store.
 12348 | D:13     | Bought 3 scrolls of teleportation for 90 gold pieces
 12847 | D:14     | Noticed a fire dragon
 12855 | D:14     | Killed a fire dragon
 12855 | D:14     | Reached skill level 5 in Crossbows
 12982 | Lair:1   | Entered Level 1 of the Lair of Beasts
 13094 | Lair:1   | Noticed cerealjynx's ghost (journeyman GrBe)
 13652 | Lair:1   | Killed cerealjynx's ghost
 14732 | Lair:2   | Reached skill level 14 in Long Blades
 14797 | Lair:2   | Found a hole to the Spider Nest.
 14855 | Lair:2   | Found a staircase to the Swamp.
 15653 | Lair:3   | Noticed Rupert
 15666 | Lair:3   | Killed Rupert
 15666 | Lair:3   | Reached XP level 14. HP: 33/125 MP: 9/21
 16381 | Lair:3   | Got an encrusted scale mail
 16382 | Lair:3   | Identified the +1 scale mail of Duarao {rF+} (You found it on level 3 of the Lair of Beasts)
 17311 | Lair:4   | Found an ornate altar of the Wu Jian Council.
 17879 | Lair:5   | Found a viscous altar of Jiyva.
 17879 | Lair:5   | Found a staircase to the Slime Pits.
 18016 | Lair:6   | Entered Level 6 of the Lair of Beasts
 18039 | Lair:6   | Reached skill level 15 in Long Blades
 18661 | Lair:6   | Reached XP level 15. HP: 87/135 MP: 23/23
 19310 | Swamp:1  | Entered Level 1 of the Swamp
 19334 | Swamp:1  | Reached ****** piety under Qazlal
 20049 | Swamp:2  | Noticed a thorn hunter
 20066 | Swamp:2  | Killed a thorn hunter
 20232 | Swamp:2  | Noticed a thorn hunter
 20253 | Swamp:2  | Killed a thorn hunter
 20458 | D:11     | Found a roughly hewn altar of Beogh.
 20458 | D:11     | Found a staircase to the Orcish Mines.
 20751 | Orc:1    | Entered Level 1 of the Orcish Mines
 20794 | Orc:1    | Paralysed by an orc sorcerer for 3 turns
 21124 | Orc:1    | Found a burning altar of Makhleb.
 21292 | Orc:2    | Entered Level 2 of the Orcish Mines
 21433 | Orc:1    | Reached skill level 16 in Long Blades
 21819 | Orc:2    | Found Zamachio's Armour Emporium.
 21819 | Orc:2    | Found Zonaucuwk's Antique Armour Shop.
 21820 | Orc:2    | Found Ladaat's Distillery.
 21820 | Orc:2    | Found Paff's Weapon Emporium.
 21828 | Orc:2    | Bought a distressingly furry plate armour for 952 gold pieces
 21829 | Orc:2    | Identified the +6 plate armour of Reason {Dex+3} (You bought it in a shop on level 2 of the Orcish Mines)
 21839 | Orc:2    | Found a staircase to the Elven Halls.
 22084 | Orc:2    | Found a roughly hewn altar of Beogh.
 22388 | Swamp:2  | Noticed a thorn hunter
 22413 | Swamp:2  | Killed a thorn hunter
 22613 | Swamp:2  | Reached XP level 16. HP: 146/146 MP: 24/24
 22906 | Swamp:2  | Paralysed by a hornet for 3 turns
 23158 | Swamp:2  | Noticed Roxanne
 23184 | Swamp:2  | Killed Roxanne
 23484 | Swamp:3  | Noticed a thorn hunter
 23498 | Swamp:2  | Killed a thorn hunter
 23757 | Swamp:2  | Paralysed by a hornet for 1 turns
 24604 | Swamp:4  | Entered Level 4 of the Swamp
 24604 | Swamp:4  | Noticed a thorn hunter
 24694 | Swamp:3  | Killed a thorn hunter
 25291 | Swamp:4  | Noticed the 27-headed Lernaean hydra
 25297 | Swamp:4  | Killed the 27-headed Lernaean hydra
 25318 | Swamp:4  | Got a decaying rune of Zot
 25697 | Swamp:4  | Reached skill level 15 in Fighting
 25734 | Swamp:4  | Reached skill level 17 in Long Blades
 25943 | Spider:1 | Entered Level 1 of the Spider Nest
 26078 | Lair:2   | Reached skill level 1 in Translocations
 26081 | Lair:2   | Reached skill level 1 in Spellcasting
 26292 | Lair:2   | Reached skill level 15 in Armour
 26716 | Spider:1 | Learned a level 2 spell: Blink
 26819 | Spider:1 | Reached XP level 17. HP: 156/156 MP: 26/26
 27014 | Spider:2 | Noticed Arachne
 27022 | Spider:2 | Slain by Arachne

Vault maps used:
D:1:      evilmike_arrival_plus
D:2:      first_ration, minmay_door_square, grunt_decor_fettered,
          roderic_lattice_a, serial_bayou_pond_b, minmay_tiny_reverse_x
D:3:      nicolae_overflow_hidden_temple, chequers_ecumenical_altar_twisty,
          grunt_qazlal_sundering
D:4:      minmay_temple_entry_hall, kennysheep_another_room,
          minmay_misc_feat_hallway
D:5:      corexii_shack_village, serial_shops, shop_scrolls,
          nicolae_shop_crystal, nicolae_shop_trees, basic_altar, uniq_pikel
D:6:      kennysheep_mini
D:7:      grunt_livestock
D:8:      kennysheep_steamy, overflow_temple_1_default,
          grunt_temple_overflow_open, hangedman_decor_clover_reticule,
          uniq_joseph
D:9:      erik_lair_island, uniq_grum
D:11:     david_orc_5
D:12:     minivault_27, minmay_unpleasant_kobolds
D:13:     serial_shops, shop, fountainhead, spider_trap
D:14:     grunt_vaults_entry_tiered
Lair:1:   minivault_24
Lair:2:   swamp_mist, nicolae_spider_entry_non_spiders,
          grunt_forest_large_clearing_hut
Lair:3:   uniq_rupert
Lair:4:   basic_altar
Lair:5:   slime_altar_1, grunt_megastairs_4
Lair:6:   minmay_lair_end_enchanted_forest, serial_bayou_shore_b
Swamp:1:  hangedman_swamp_ruin_hall
Swamp:2:  hangedman_swamp_ruin_wall, nicolae_swamp_dense_foliage, uniq_roxanne
Swamp:3:  cheibrodos_swamp_tower_of_moss, evilmike_swamp_ruin_rubble_2
Swamp:4:  grunt_swamp_rune_castle, infiniplex_staircase_pool_2
Spider:2: uniq_arachne
Orc:1:    basic_altar
Orc:2:    st_orc_ogre_mass, basic_altar, mines2_lemuel

Skill      XL: |  1  2  3  4  5  6  7  8  9 10 11 12 13 14 15 16 17 |
---------------+----------------------------------------------------+-----
Long Blades    | 4 5 6 7 8 9 10 11 12 14 15 16 17 | 17.1
Armour         | 1 2 4 5 6 8 10 11 12 14 15 | 15.1
Invocations    | 1 2 3 4 5 6 7 8 9 11 12 13 14 | 14.0
Fighting       | 3 5 6 7 8 10 11 13 14 15 | 15.2
Dodging        | 4 5 6 7 8 9 10 11 12 13 14 | 14.3
Crossbows      | 2 6 |  6.4
Translocations | 1 |  1.6
Spellcasting   | 1 |  1.6
Throwing       | |  2.0

Action                   |  1- 3 |  4- 6 |  7- 9 | 10-12 | 13-15 | 16-18 || total
-------------------------+-------+-------+-------+-------+-------+-------++-------
Melee: Long sword        |   103 |   153 |   274 |   510 |       |       ||  1040
       Headbutt          |    13 |    22 |    55 |   104 |   265 |   124 ||   583
       Scimitar          |       |       |       |    30 |  1288 |   511 ||  1829
 Fire: Hand crossbow     |       |       |    21 |       |       |       ||    21
       Triple crossbow   |       |       |       |    11 |     2 |    31 ||    44
Invok: Upheaval          |       |       |     1 |       |     8 |     7 ||    16
       Disaster Area     |       |       |       |       |     1 |     1 ||     2
Evoke: Wand              |       |       |       |     1 |     3 |       ||     4
  Use: Scroll            |     1 |     8 |       |     9 |     4 |     1 ||    23
       Potion            |       |     4 |       |     8 |       |     2 ||    14
 Stab: Confused          |       |       |       |       |     1 |       ||     1
  Eat: Chunk             |     2 |     9 |    11 |    16 |    36 |     8 ||    82
       Ration            |       |       |       |       |       |     2 ||     2
Armor: Leather armour    |     5 |       |       |       |       |       ||     5
       Chain mail        |    49 |    73 |   136 |   290 |   570 |   394 ||  1512
Dodge: Dodged            |    49 |    66 |   130 |   275 |   634 |   413 ||  1567
       Deflected         |       |       |       |    10 |    10 |    13 ||    33
Block: Other             |       |       |    27 |   125 |   341 |   198 ||   691
       Rpst.: Long sword |    11 |    21 |    38 |    51 |       |       ||   121
       Scimitar          |       |       |       |     6 |   162 |    64 ||   232

Table legend:
 A = Spawn XP
 B = Non-spawn XP
 C = Spawn XP percentage of total XP
 D = Spawn monster count
 E = Non-spawn monster count
 F = Spawn count percentage of total count
 G = Total turns spent on level
                    A         B        C        D         E        F      G
               +---------+---------+-------+---------+---------+-------+---------
         Total |       0 |  204363 |   0.0 |       0 |     880 |   0.0 | 27022
               +---------+---------+-------+---------+---------+-------+---------
           D:1 |       0 |      28 |   0.0 |       0 |      16 |   0.0 |   925
           D:2 |       0 |      80 |   0.0 |       0 |      35 |   0.0 |  1296
           D:3 |       0 |     208 |   0.0 |       0 |      18 |   0.0 |  1019
           D:4 |       0 |     412 |   0.0 |       0 |      21 |   0.0 |  1155
           D:5 |       0 |    1466 |   0.0 |       0 |      31 |   0.0 |  1670
           D:6 |       0 |    1642 |   0.0 |       0 |      25 |   0.0 |   718
           D:7 |       0 |    1634 |   0.0 |       0 |      24 |   0.0 |   809
           D:8 |       0 |    3953 |   0.0 |       0 |      30 |   0.0 |  1253
           D:9 |       0 |    2734 |   0.0 |       0 |      29 |   0.0 |  1139
          D:10 |       0 |    3572 |   0.0 |       0 |      25 |   0.0 |  1202
          D:11 |       0 |    3350 |   0.0 |       0 |      39 |   0.0 |   939
          D:12 |       0 |    3010 |   0.0 |       0 |      20 |   0.0 |   516
          D:13 |       0 |    5950 |   0.0 |       0 |      24 |   0.0 |  1056
          D:14 |       0 |    6716 |   0.0 |       0 |      24 |   0.0 |   400
        Lair:1 |       0 |    5296 |   0.0 |       0 |      18 |   0.0 |   977
        Lair:2 |       0 |   13829 |   0.0 |       0 |      47 |   0.0 |  1908
        Lair:3 |       0 |    7574 |   0.0 |       0 |      25 |   0.0 |   960
        Lair:4 |       0 |    8288 |   0.0 |       0 |      30 |   0.0 |   816
        Lair:5 |       0 |   10527 |   0.0 |       0 |      37 |   0.0 |   475
        Lair:6 |       0 |   17910 |   0.0 |       0 |      80 |   0.0 |  1198
       Swamp:1 |       0 |    9974 |   0.0 |       0 |      34 |   0.0 |  1236
       Swamp:2 |       0 |   24773 |   0.0 |       0 |      58 |   0.0 |  1480
       Swamp:3 |       0 |   12321 |   0.0 |       0 |      32 |   0.0 |   998
       Swamp:4 |       0 |   27145 |   0.0 |       0 |      52 |   0.0 |   943
      Spider:1 |       0 |    6909 |   0.0 |       0 |      17 |   0.0 |   621
      Spider:2 |       0 |    4859 |   0.0 |       0 |      16 |   0.0 |    12
         Orc:1 |       0 |    9573 |   0.0 |       0 |      36 |   0.0 |   624
         Orc:2 |       0 |   10630 |   0.0 |       0 |      37 |   0.0 |   677
               +---------+---------+-------+---------+---------+-------+---------
